 Dungeon Crawl Stone Soup version 0.26-a0-50-gc4d14cd842 (webtiles) character file.

Game seed: 3453612762049488834

102 Lanoc the Cudgeler (level 4, 0/43 HPs)
             Began as a Gargoyle Berserker on June 4, 2020.
             Was a Believer of Trog.
             Slain by a kobold
             ... wielding a +0 short sword
              (5 damage)
             ... on level 2 of the Dungeon.
             The game lasted 00:01:44 (1367 turns).

Lanoc the Cudgeler (Gargoyle Berserker)             Turns: 1367, Time: 00:01:45

Health: 0/43       AC:  5    Str: 20    XL:     4   Next: 77%
Magic:  4/4        EV: 12    Int:  8    God:    Trog [**....]
Gold:   79         SH:  0    Dex: 10    Spells: 3/3 levels left

rFire    + . .     SeeInvis .   a - +0 mace
rCold    . . .     Gourm    .   (no shield)
rNeg     + . .     Faith    .   b - +0 animal skin
rPois    ∞         Spirit   .   (no helmet)
rElec    +         Reflect  .   (no cloak)
rCorr    .         Harm     .   (no gloves)
MR       .....                  (no boots)
Stlth    ..........             (no amulet)
HPRegen  0.14/turn              e - ring of protection from fire
MPRegen  0.09/turn              (no ring)

@: berserking, very quick
A: negative energy resistance 1, electricity resistance, unbreathing,
petrification resistance, rot immunity, AC +3
a: Berserk, Trog's Hand, Renounce Religion


You were on level 2 of the Dungeon.
You worshipped Trog.
Trog was pleased with you.
You were very hungry.

You visited 1 branch of the dungeon, and saw 2 of its levels.

You collected 79 gold pieces.

Inventory:

Hand Weapons
 a - a +0 mace (weapon)
Armour
 b - a +0 animal skin (worn)
Jewellery
 e - a ring of protection from fire (left hand)
Scrolls
 d - 4 scrolls of identify {unknown}
 h - 3 scrolls of remove curse {unknown}
 i - a scroll of random uselessness {unknown}
 k - a scroll of enchant armour {unknown}
 l - a scroll of fog {unknown}
 m - a scroll of blinking {unknown}
 o - a scroll of amnesia {unknown}
Potions
 f - a potion of ambrosia {unknown}
 g - a potion of might {unknown}
 j - 2 potions of stabbing {unknown}
 n - a potion of flight {unknown}
 q - a potion of cancellation {unknown}
Comestibles
 c - 4 rations
 p - 2 chunks of flesh


   Skills:
 + Level 3.9 Fighting
 * Level 4.1 Maces & Flails
 + Level 3.0 Armour
 + Level 2.2 Dodging


You had 3 spell levels left.
You didn't know any spells.
Your spell library was empty.

Dungeon Overview and Level Annotations

Branches:
Dungeon (2/15)

Altars:


Innate Abilities, Weirdness & Mutations

You are resistant to torment.
Your stone body is resilient. (AC +3)
You are immune to poison.
You resist negative energy. (rN+)
You are resistant to electric shocks. (rElec)
You can survive without breathing.
You are immune to petrification.
You are immune to rotting.


Message History

Your Armour skill increases to level 3!
The gnoll hits you but does no damage. The rat barely misses you.
The kobold closely misses you.
You closely miss the gnoll. You sock the gnoll!
The gnoll is severely wounded.
The gnoll misses you. The rat misses you.
You barely miss the gnoll.
The gnoll is severely wounded.
The rat bites you.
* * * LOW HITPOINT WARNING * * *
The kobold hits you but does no damage. The gnoll hits you with a +0 club.
* * * LOW HITPOINT WARNING * * *
You sock the gnoll!
You kill the gnoll!
Trog accepts your kill. The kobold hits you but does no damage.
The rat bites you.
* * * LOW HITPOINT WARNING * * *
The kobold hits you with a +0 short sword.
You die...

#....... ..........#
#....... ..........#
#....... ..........#
#.... ...$......# #..÷.
.......... #....
#........ ##..# #>...Kr#
######... ####.)@#
###........ .#.>...K#
###...#..#.## ........##
#...###.##.## .####....#
#.###...##.##
#$...)###.....####.#
#..#.#÷......### #.#
..........#..#.######.#
......................##
..........######..##..#.


You could see 2 kobolds and a rat.

Vanquished Creatures
  3 gnolls (D:2)
  2 adders (D:2)
  An ooze (D:1)
  2 dart slugs
  4 leopard geckos
  4 goblins
  4 hobgoblins (D:1)
  5 jackals
  8 kobolds
  5 bats
  2 frilled lizards
  5 rats
45 creatures vanquished.

Notes
Turn   | Place    | Note
-------+----------+-------------------------------------------
     0 | D:1      | Lanoc the Gargoyle Berserker began the quest for the Orb.
     0 | D:1      | Reached XP level 1. HP: 14/14 MP: 1/1
    96 | D:1      | Reached XP level 2. HP: 19/19 MP: 2/2
   664 | D:1      | Reached XP level 3. HP: 19/23 MP: 3/3
  1039 | D:2      | Reached XP level 4. HP: 10/29 MP: 4/4
  1346 | D:2      | Reached ** piety under Trog
  1357 | D:2      | Reached skill level 4 in Maces & Flails
  1367 | D:2      | Slain by a kobold

Illustrated notes

Levels and vault maps discovered:
D:1:      dpeg_arrival_houses_and_road, layout_basic
D:2:      layout_rooms

Skill      XL: |  1  2  3  4 |
---------------+-------------+-----
Dodging        | 2 |  2.2
Maces & Flails | 4 |  4.1
Armour         | 3 |  3.0
Fighting       | |  3.9

Action                   |  1- 3 |  4- 6 || total
-------------------------+-------+-------++-------
Melee: Mace              |   123 |    37 ||   160
Invok: Berserk           |     3 |     1 ||     4
  Eat: Chunk             |     3 |     1 ||     4
Armor: Animal skin       |    46 |    28 ||    74
Dodge: Dodged            |    93 |    42 ||   135

Table legend:
 A = Non-vault XP
 B = Vault XP
 C = Vault XP percentage of total XP
 D = Non-vault monster count
 E = Vault monster count
 F = Vault count percentage of total count
                 A         B        C        D         E       F
            +---------+---------+-------+---------+---------+-------
      Total |     146 |       0 |   0.0 |      45 |       0 |   0.0
            +---------+---------+-------+---------+---------+-------
        D:1 |      50 |       0 |   0.0 |      26 |       0 |   0.0
        D:2 |      96 |       0 |   0.0 |      19 |       0 |   0.0
            +---------+---------+-------+---------+---------+-------
